 Dungeon Crawl Stone Soup version 0.26-a0-1040-gbe3abf3417 (webtiles) character file.

Game seed: 12385031124638223595

15301 streetpizza the Destroyer (level 12, -4/72 HPs)
             Began as a Deep Elf Conjurer on Dec 11, 2020.
             Was a High Priest of Vehumet.
             Slain by an eight-headed hydra (5 damage)
             ... on level 12 of the Dungeon on Dec 12, 2020.
             The game lasted 01:21:49 (14945 turns).

streetpizza the Destroyer (Deep Elf Conjurer)      Turns: 14945, Time: 01:21:50

Health: -4/72      AC:  6    Str: 11    XL:     12   Next: 0%
Magic:  18/29      EV: 22    Int: 30    God:    Vehumet [*****.]
Gold:   561        SH:  0    Dex: 22    Spells: 14/34 levels left

rFire    . . .     SeeInvis +   Q - +3 war axe of Apeneavvur {vorpal, *Corrode rElec Str+4 Int+4} (curse)
rCold    . . .     Faith    .   (no shield)
rNeg     . . .     Spirit   .   L - +0 steam dragon scales
rPois    .         Reflect  .   m - +0 helmet
rElec    +         Harm     .   x - +1 cloak
rCorr    .         Rampage  .   H - +1 pair of gloves {Dex+3}
Will     +....                  (no boots)
Stlth    +++.......             (no amulet)
HPRegen  0.22/turn              K - +6 ring of dexterity (curse)
MPRegen  0.21/turn              F - ring of see invisible

@: corroded
A: no striking features
a: Renounce Religion


You were on level 12 of the Dungeon.
You worshipped Vehumet.
Vehumet was extremely pleased with you.
You visited 2 branches of the dungeon, and saw 13 of its levels.

You collected 792 gold pieces.
You spent 231 gold pieces at shops.

Inventory:

Hand Weapons
 O - a +5 long sword
 Q - the cursed +3 war axe of Apeneavvur (weapon) {vorpal, *Corrode rElec Str+4 Int+4}
   (You found it on level 9 of the Dungeon)

   It inflicts extra damage upon your enemies.
   It affects your strength (+4).
   It affects your intelligence (+4).
   It insulates you from electricity.
   It may corrode you when you take damage.
   It has a curse placed upon it.
 T - a +0 triple sword of protection
Missiles
 i - 78 poisoned darts (quivered)
Armour
 m - a +0 helmet (worn)
 o - the +3 leather armour "Liegg" {rElec rCorr MP+9 Dex-3}
   (You found it on level 10 of the Dungeon)

   It affects your dexterity (-3).
   It insulates you from electricity.
   It affects your magic capacity (+9).
   It provides partial protection from all sources of acid and corrosion.
 p - a +0 buckler
 w - a +2 leather armour of poison resistance
 x - a +1 cloak (worn)
 H - a +1 pair of gloves of dexterity (worn)
 J - a +0 robe of positive energy
 L - +0 steam dragon scales (worn)
Magical Staves
 S - an uncursed staff of poison {unknown}
Jewellery
 d - an uncursed ring of fire
 A - an uncursed ring of positive energy
 F - a ring of see invisible (right hand)
 K - a cursed +6 ring of dexterity (left hand)
Wands
 u - a wand of random effects (22)
 N - a wand of digging (5)
Scrolls
 b - 4 scrolls of fog
 c - 3 scrolls of blinking {unknown}
 f - 16 scrolls of identify {unknown}
 g - 3 scrolls of noise {unknown}
 h - 2 scrolls of amnesia {unknown}
 l - 4 scrolls of enchant weapon
 r - 6 scrolls of remove curse
 t - 2 scrolls of teleportation
 y - a scroll of magic mapping {unknown}
 B - 2 scrolls of enchant armour {unknown}
 D - 2 scrolls of fear {unknown}
 I - a scroll of immolation {unknown}
 U - a scroll of brand weapon {unknown}
Potions
 e - 3 potions of mutation {unknown}
 j - 3 potions of attraction {unknown}
 k - a potion of cancellation {unknown}
 n - 4 potions of curing {unknown}
 q - a potion of berserk rage {unknown}
 s - 4 potions of ambrosia {unknown}
 v - 4 potions of haste {unknown}
 z - 3 potions of degeneration {unknown}
 C - 3 potions of brilliance {unknown}
 E - a potion of flight {unknown}
 G - 2 potions of lignification {unknown}
 M - 2 potions of heal wounds
 P - a potion of might {unknown}
 R - a potion of invisibility {unknown}
 V - a potion of resistance


   Skills:
 + Level 7.3 Fighting
 + Level 10.7 Dodging
 - Level 2.4 Stealth
 + Level 11.6 Spellcasting
 + Level 13.5 Conjurations
 + Level 2.8 Earth Magic


You had 14 spell levels left.
You knew the following spells:

 Your Spells              Type           Power        Failure   Level
a - Magic Dart            Conj           ####         0%          1
b - Searing Ray           Conj           ######       0%          2
c - Iskenderun's Mystic   Conj/Tloc      ######..     1%          4
d - Frozen Ramparts       Ice            ###...       2%          3
e - Iskenderun's Battles  Conj           #######.     1%          5
f - Lee's Rapid Deconstr  Erth           ####......   7%          5

Your spell library contained the following spells:

 Spells                   Type           Power        Failure   Level
 Dazzling Flash           Conj/Hex       ######       1%          3
 Fulminant Prism          Conj/Hex       ######....   1%          4
 Bolt of Magma            Conj/Fire/Erth ######....   2%          5
 Orb of Destruction       Conj           #######...   2%          7
 Iron Shot                Conj/Erth      ######....   4%          6
 Spellforged Servitor     Conj/Summ      ######....   36%         7


Dungeon Overview and Level Annotations

Branches:
Dungeon (12/15)            Temple (1/1) D:7            Lair (0/6) D:9
    Orc (0/2) D:11

Altars:
Ashenzari
Cheibriados
Dithmenos
Elyvilon
Fedhas
Gozag
Hepliaklqana
Kikubaaqudgha
Makhleb
Nemelex Xobeh
Okawaru
Qazlal
Ru
Sif Muna
Trog
Uskayaw
Vehumet
Wu Jian
Xom
Yredelemnul
Zin
The Shining One

Shops:
D:4 [   D:5 [   D:9 }

Annotations:
D:7 2 transporters
D:10 Snorg
D:11 1 runed translucent door, Sun's ghost, journeyman MfIE


Message History

The eight-headed hydra is severely wounded.
The eight-headed hydra misses you.
The eight-headed hydra bites you but does no damage.
The eight-headed hydra bites you!
The eight-headed hydra barely misses you.
The eight-headed hydra bites you but does no damage. x2
The eight-headed hydra bites you!
The eight-headed hydra barely misses you.
The searing ray hits the eight-headed hydra!
The eight-headed hydra is almost dead.
You finish channeling your searing ray.
The eight-headed hydra bites you but does no damage.
The eight-headed hydra bites you!
* * * LOW HITPOINT WARNING * * *
The eight-headed hydra bites you!
* * * LOW HITPOINT WARNING * * *
The eight-headed hydra completely misses you.
The eight-headed hydra barely misses you.
The eight-headed hydra bites you.
You die...

#......# ..........
#......# ..........
#......# #######...
#......############... .
#....#.#.........##... ...
#......#.........##...
....#......#.).).....#####
............#.........'....
...≈≈≈≈...@.#.........#....
.≈≈≈☼≈≈≈≈D###).....<..#....
≈≈≈≈☼≈≈≈≈≈...)........#...#
≈≈######≈≈(...........#...#
≈≈#....#≈≈≈...........#...#
≈#.$$.#°≈≈...........#...#
≈+.$$.#≈≈≈##.........#...#
#.$$.#≈°≈##.D.......#...#
....#≈≈≈##.........#....


You could see an eight-headed hydra.

Vanquished Creatures
  Erolcha (D:10)
  A centaur warrior (D:11)
  3 two-headed ogres
  An ugly thing (D:11)
  Joseph (D:9)
  Psyche (D:9)
  A centaur zombie (D:9)
  Maggie (D:6)
  A kobold demonologist (D:12)
  A polar bear (D:10)
  Grinder (D:3)
  A wyvern (D:10)
  9 yaks (D:11)
  A steam dragon (D:11)
  Edmund (D:4)
  An acid dragon (D:12)
  5 water moccasins
  Duvessa (D:4)
  An orc warrior (D:10)
  3 sky beasts
  6 ice beasts
  An eye of draining (D:11)
  3 black bears
  2 phantoms
  2 ogres
  3 wolves (D:10)
  15 centaurs
  7 big kobolds
  11 bullfrogs
  A gnoll sergeant (D:10)
  Dowan (D:4)
  4 scorpions
  5 wights (D:7)
  2 electric eels
  8 howler monkeys
  2 bullfrog zombies
  3 jellies
  5 orc priests
  6 hounds
  7 orc wizards
  2 centaur skeletons
  5 bullfrog skeletons
  8 iguanas
  Natasha (thrice) (D:3)
  6 worker ants
  3 hound skeletons
  A howler monkey zombie (D:6)
  2 worker ant zombies
  17 gnolls
  12 adders
  A shadow imp (D:8)
  4 white imps
  7 ufetubi
  An ooze (D:6)
  An adder zombie (D:9)
  2 adder skeletons
  2 worms (D:5)
  3 dart slugs
  9 leopard geckos
  25 orcs
  3 ball pythons
  6 giant cockroaches
  3 goblins
  5 hobgoblins
  4 jackals (D:2)
  43 kobolds
  8 quokkas
  5 bats
  2 frilled lizards (D:1)
  A leopard gecko skeleton (D:4)
  A leopard gecko zombie (D:7)
  A quokka skeleton (D:5)
  A quokka zombie (D:5)
  7 rats
334 creatures vanquished.

Vanquished Creatures (others)
  An electric eel (D:12)
  30 fungi
  87 plants
118 creatures vanquished.

Grand Total: 452 creatures vanquished

Notes
Turn   | Place    | Note
-------+----------+-------------------------------------------
     0 | D:1      | streetpizza the Deep Elf Conjurer began the quest for the
                  | Orb.
     0 | D:1      | Reached XP level 1. HP: 10/10 MP: 6/6
   287 | D:1      | Reached XP level 2. HP: 15/15 MP: 2/8
   346 | D:1      | Learned a level 2 spell: Searing Ray
   715 | D:1      | Reached XP level 3. HP: 20/20 MP: 4/9
  1123 | D:2      | Reached skill level 1 in Fighting
  1123 | D:2      | Reached skill level 5 in Conjurations
  1314 | D:2      | Reached XP level 4. HP: 23/25 MP: 8/11
  1543 | D:2      | Found a hazy altar of Hepliaklqana.
  1675 | D:3      | Noticed Grinder
  1899 | D:3      | Killed Grinder
  1900 | D:3      | Reached skill level 6 in Conjurations
  1900 | D:3      | Reached XP level 5. HP: 30/30 MP: 1/14
  1900 | D:3      | Reached XP level 6. HP: 35/35 MP: 1/15
  2004 | D:3      | Noticed Natasha
  2009 | D:3      | Killed Natasha
  2227 | D:3      | Noticed Natasha
  2230 | D:3      | Killed Natasha
  2610 | D:3      | Noticed Natasha
  2614 | D:3      | Killed Natasha
  2638 | D:4      | Reached skill level 5 in Spellcasting
  2691 | D:4      | Found Venepn's Antique Armour Emporium.
  2849 | D:4      | Reached XP level 7. HP: 34/40 MP: 11/16
  3062 | D:4      | Reached skill level 7 in Conjurations
  3130 | D:4      | Noticed Duvessa
  3139 | D:4      | Killed Duvessa
  3148 | D:4      | Noticed Dowan
  3370 | D:4      | Reached skill level 5 in Dodging
  3625 | D:4      | Killed Dowan
  3722 | D:4      | Noticed Edmund
  3732 | D:4      | Killed Edmund
  4026 | D:5      | Entered Level 5 of the Dungeon
  4093 | D:5      | Reached XP level 8. HP: 46/46 MP: 15/19
  4262 | D:5      | Reached skill level 8 in Conjurations
  4270 | D:5      | Found a radiant altar of Vehumet.
  4277 | D:5      | Became a worshipper of Vehumet
  4494 | D:5      | Found Homuah's Armour Boutique.
  4508 | D:5      | Bought a +1 pair of gloves of dexterity for 231 gold pieces
  5251 | D:5      | Reached * piety under Vehumet
  5251 | D:5      | Offered knowledge of Sandblast by Vehumet.
  5252 | D:5      | Reached skill level 9 in Conjurations
  6065 | D:6      | Reached XP level 9. HP: 45/52 MP: 14/22
  6393 | D:6      | Reached ** piety under Vehumet
  6569 | D:6      | Offered knowledge of Foxfire by Vehumet.
  6818 | D:6      | Noticed Maggie
  6840 | D:6      | Killed Maggie
  6841 | D:6      | Reached skill level 10 in Conjurations
  7462 | D:6      | Learned a level 4 spell: Iskenderun's Mystic Blast
  7730 | D:7      | Found a staircase to the Ecumenical Temple.
  7844 | D:7      | Found a transporter.
  7876 | D:7      | Found a transporter.
  7893 | Temple   | Entered the Ecumenical Temple
  8052 | D:7      | Reached skill level 5 in Fighting
  8413 | D:7      | Offered knowledge of Inner Flame by Vehumet.
  8463 | D:7      | Found a sparkling altar of Nemelex Xobeh.
  8463 | D:7      | Found a faded altar of an unknown god.
  8468 | D:7      | Found a faded altar of an unknown god.
  8470 | D:7      | Found a shimmering blue altar of Sif Muna.
  8472 | D:7      | Found a white marble altar of Elyvilon.
  8979 | D:8      | Reached XP level 10. HP: 59/59 MP: 18/24
  9017 | D:8      | Reached *** piety under Vehumet
  9039 | D:8      | Found an opulent altar of Gozag.
  9674 | D:8      | Noticed a two-headed ogre
  9678 | D:8      | Reached skill level 11 in Conjurations
  9684 | D:8      | Killed a two-headed ogre
 10196 | D:9      | Found a staircase to the Lair.
 10229 | D:9      | Offered knowledge of Frozen Ramparts by Vehumet.
 10234 | D:9      | Learned a level 3 spell: Frozen Ramparts
 10376 | D:9      | Got a masterwork war axe
 10377 | D:9      | Identified the cursed +3 war axe of Apeneavvur {vorpal,
                  | *Corrode rElec Str+4 Int+4} (You found it on level 9 of the
                  | Dungeon)
 10481 | D:9      | Found Fejihe's Gadget Shoppe.
 10522 | D:9      | Noticed a two-headed ogre
 10530 | D:9      | Killed a two-headed ogre
 10531 | D:9      | Reached skill level 10 in Spellcasting
 10531 | D:9      | Reached skill level 12 in Conjurations
 10566 | D:9      | Found a hide-covered altar of Uskayaw.
 10579 | D:9      | Noticed Joseph
 10596 | D:9      | Killed Joseph
 10879 | D:9      | Found a stormy altar of Qazlal.
 11186 | D:9      | Noticed Psyche
 11192 | D:9      | Killed Psyche
 11440 | D:10     | Entered Level 10 of the Dungeon
 11474 | D:10     | Reached XP level 11. HP: 63/64 MP: 21/27
 11669 | D:10     | Reached **** piety under Vehumet
 11817 | D:10     | Noticed Erolcha
 11825 | D:10     | Killed Erolcha
 11959 | D:10     | Noticed Snorg
 11979 | D:10     | Got an ichor-stained leather armour
 12020 | D:10     | Offered knowledge of Iskenderun's Battlesphere by Vehumet.
 12216 | D:10     | Learned a level 5 spell: Iskenderun's Battlesphere
 12969 | D:11     | Reached skill level 10 in Dodging
 12973 | D:11     | Reached skill level 13 in Conjurations
 13100 | D:11     | Reached ***** piety under Vehumet
 13118 | D:11     | Noticed a brown ugly thing
 13346 | D:11     | Noticed a two-headed ogre
 13354 | D:11     | Killed a two-headed ogre
 13354 | D:11     | Offered knowledge of Lee's Rapid Deconstruction by Vehumet.
 13361 | D:11     | Learned a level 5 spell: Lee's Rapid Deconstruction
 13431 | D:11     | Found a staircase to the Orcish Mines.
 13570 | D:11     | Reached skill level 1 in Earth Magic
 13803 | D:11     | Noticed a centaur warrior
 13825 | D:11     | HP: 3/67 [centaur warrior/+0 mace (12)]
 13826 | D:11     | Killed a centaur warrior
 14322 | D:11     | Found a runed translucent door.
 14324 | D:11     | Identified the cursed +0 trident of Breach {flame, +Inv}
 14325 | D:11     | Noticed Sun's ghost (journeyman MfIE)
 14434 | D:11     | Killed a brown ugly thing
 14812 | D:12     | Noticed an eight-headed hydra
 14891 | D:12     | Identified the +3 leather armour "Liegg" {rElec rCorr MP+9
                  | Dex-3} (You found it on level 10 of the Dungeon)
 14942 | D:12     | Reached XP level 12. HP: 46/72 MP: 22/29
 14945 | D:12     | HP: 1/72 [eight-headed hydra (11)]
 14945 | D:12     | Slain by an eight-headed hydra

Illustrated notes

Levels and vault maps discovered:
D:1:      dpeg_arrival_renting, layout_loops_cross,
          chequers_serial_rivers_marsh, minmay_misc_feat_nine_boxes, st_stairs_1
D:2:      layout_rooms, lemuel_coloured_pillars_altar
D:3:      layout_loops_ring, uniq_grinder, uniq_natasha
D:4:      cheibrodos_old_hovel, layout_basic, serial_shops, shop, minivault_11,
          uniq_edmund, uniq_duvessa
D:5:      kennysheep_kobold_camp, layout_cave_pods, old_standard_altar,
          serial_shops, nicolae_shop_window_shopping, minmay_starry_boxes
D:6:      layout_rooms, serial_bayou_ford_a, palyth_stone_intersect, uniq_maggie
D:7:      gammafunk_cloud_chamber, layout_loops_cross,
          chequers_temple_overflow_minitemple, minmay_temple_entry_tees
D:8:      layout_layer_cave, nicolae_gozag_seed_capital
D:9:      layout_loops_corners, eat_drink_and_be_merry_uskayaw,
          due_lair_maze_entry_diamond, serial_shops, shop_fountains,
          grunt_qazlal_sundering, uniq_joseph, uniq_psyche
D:10:     layout_roguey, serial_ice, serial_ice_f, serial_ice_g, serial_ice_i,
          serial_ice_e, uniq_snorg, uniq_erolcha
D:11:     layout_gridville, orc_0_dummy, ebering_ghost_funeral_grove
D:12:     layout_stronghold, basic_altar, lemuel_freeze_loot_1
Temple:   eino_temple_rhombus

Skill      XL: |  1  2  3  4  5  6  7  8  9 10 11 |
---------------+----------------------------------+-----
Fighting       | 1 2 3 4 5 6 7 |  7.3
Dodging        | 3 4 5 6 8 9 10 | 10.7
Conjurations   | 5 6 7 9 10 12 13 | 13.5
Spellcasting   | 4 5 6 7 8 10 11 | 11.6
Earth Magic    | 2 |  2.8
Stealth        | |  2.4

Action                   |  1- 3 |  4- 6 |  7- 9 | 10-12 || total
-------------------------+-------+-------+-------+-------++-------
Melee: Club              |     3 |       |       |       ||     3
       Rapier            |       |    41 |    20 |       ||    61
       Whip              |       |       |   266 |       ||   266
       Long sword        |       |       |     5 |       ||     5
       War axe           |       |       |       |   123 ||   123
Throw: Dart              |       |       |     1 |     1 ||     2
 Cast: Magic Dart        |    54 |    12 |     6 |     3 ||    75
       Searing Ray       |     4 |    15 |    65 |    64 ||   148
       Iskenderun's Myst |       |       |     6 |    13 ||    19
       Frozen Ramparts   |       |       |       |    24 ||    24
       Iskenderun's Batt |       |       |       |     6 ||     6
  Use: Scroll            |       |     2 |     2 |     2 ||     6
 Stab: Sleeping          |       |     1 |     3 |     7 ||    11
       Distracted        |       |       |       |     1 ||     1
Armor: Robe              |     2 |    14 |    71 |       ||    87
       Steam dragon scal |       |       |    15 |    65 ||    80
Dodge: Dodged            |     6 |    43 |   255 |   272 ||   576
       Rpst.: Long sword |       |       |       |     2 ||     2

Table legend: (Time is in decaauts)
 A = Elapsed time spent in this place.
 B = Non-inter-level travel time spent in this place.
 C = Inter-level travel time spent in this place.
 D = Time resting spent in this place.
 E = Time spent auto-exploring this place.
 F = Levels seen in this place.
 G = Mean time per level.
                   A        B        C        D        E       F      G
               +--------+--------+--------+--------+--------+-----+--------+
         Total |  15057 |  14616 |    441 |    950 |  10777 |  13 | 1158.2 |
       Dungeon |  14940 |  14508 |    432 |    950 |  10671 |  12 | 1245.0 |
        Temple |    116 |    107 |      9 |      0 |    106 |   1 |  116.0 |
               +--------+--------+--------+--------+--------+-----+--------+

Top non-repeatable levels by time:
     D:5: 2011 daAuts
    D:11: 1916 daAuts
     D:6: 1633 daAuts
     D:9: 1516 daAuts
     D:4: 1427 daAuts
    D:10: 1301 daAuts
     D:8: 1272 daAuts
     D:3: 1030 daAuts
     D:1: 1000 daAuts
     D:7: 983 daAuts
     D:2: 605 daAuts
    D:12: 241 daAuts
  Temple: 116 daAuts
